 Dungeon Crawl Stone Soup version 0.26-a0-663-g36e8fdb655 (webtiles) character file.

Game seed: 15658723539093346405

1192 jiml777 the Grasshopper (level 8, -11/64 HPs)
             Began as a Gnoll Warper on Oct 10, 2020.
             Mangled by an orc warrior
             ... wielding a +0 glaive
              (20 damage)
             ... on level 7 of the Dungeon.
             The game lasted 00:19:38 (6183 turns).

jiml777 the Grasshopper (Gnoll Warper)              Turns: 6183, Time: 00:19:38

Health: -11/64     AC: 10    Str: 19    XL:     8   Next: 43%
Magic:  17/17      EV: 10    Int: 17    God:
Gold:   271        SH:  5    Dex: 16    Spells: 17/19 levels left

rFire    + . .     SeeInvis .   u - +2 whip of Magnificence {vorpal, MR- Str+6}
rCold    . . .     Faith    .   (no shield)
rNeg     . . .     Spirit   .   A - +0 chain mail {rF+}
rPois    .         Reflect  +   (no helmet)
rElec    .         Harm     .   r - +0 cloak
rCorr    .         Rampage  .   (no gloves)
MR       .....                  (no boots)
Stlth    ..........             o - amulet of reflection
HPRegen  0.20/turn              (no ring)
MPRegen  0.15/turn              (no ring)

@: hasted, very quick
A: distributed training, fangs 1, strong nose
a: no special abilities


You were on level 7 of the Dungeon.
You visited 1 branch of the dungeon, and saw 6 of its levels.

You collected 271 gold pieces.

Inventory:

Hand Weapons
 a - a +0 spear
 j - a +1 short sword of electrocution
 u - the +2 whip of Magnificence (weapon) {vorpal, MR- Str+6}
   (You found it on level 4 of the Dungeon)

   It inflicts extra damage upon your enemies.
   It affects your strength (+6).
   It affects your resistance to hostile enchantments.
Missiles
 e - 5 boomerangs of dispersal
 i - 113 arrows
 k - 28 bolts
 w - 8 sling bullets
 E - 7 boomerangs (quivered)
Armour
 b - a +0 leather armour
 r - a +0 cloak (worn)
 A - a +0 chain mail of fire resistance (worn)
Jewellery
 o - an amulet of reflection (around neck)
Scrolls
 h - a scroll of teleportation
 n - a scroll of fog
 p - a scroll of magic mapping
 v - a scroll of enchant armour {unknown}
 C - a scroll of amnesia {unknown}
 F - a scroll of enchant weapon {unknown}
Potions
 c - 5 potions of curing
 f - a potion of degeneration {unknown}
 g - a potion of ambrosia {unknown}
 l - a potion of mutation {unknown}
 m - a potion of invisibility {unknown}
 q - a potion of heal wounds {unknown}
 s - 2 potions of berserk rage
 z - a potion of haste
 B - a potion of brilliance {unknown}


   Skills:
 + Level 5.7 Fighting
 + Level 3.2 Short Blades
 + Level 3.2 Long Blades
 + Level 3.2 Axes
 + Level 3.2 Maces & Flails
 + Level 5.7 Polearms
 + Level 3.2 Staves
 + Level 3.2 Slings
 + Level 3.2 Bows
 + Level 3.2 Crossbows
 + Level 4.2 Throwing
 + Level 4.2 Armour
 + Level 5.7 Dodging
 + Level 3.2 Stealth
 + Level 3.2 Shields
 + Level 3.2 Unarmed Combat
 + Level 6.0 Spellcasting
 + Level 2.6 Conjurations
 + Level 2.6 Hexes
 + Level 2.6 Summonings
 + Level 2.6 Necromancy
 + Level 6.1 Translocations
 + Level 2.6 Transmutations
 + Level 2.6 Fire Magic
 + Level 2.6 Ice Magic
 + Level 2.6 Air Magic
 + Level 2.6 Earth Magic
 + Level 2.6 Poison Magic
 + Level 3.6 Invocations
 + Level 3.2 Evocations


You had 17 spell levels left.
You knew the following spells:

 Your Spells              Type           Power        Failure   Level
a - Blink                 Tloc           N/A          17%         2

Your spell library contained the following spells:

 Spells                   Type           Power        Failure   Level
 Gell's Gravitas          Tloc           ####......   34%         3
 Lesser Beckoning         Tloc           ####......   34%         3
 Teleport Other           Tloc           ####....     34%         3
 Passage of Golubria      Tloc           N/A          75%         4


Dungeon Overview and Level Annotations

Branches:
Dungeon (5/15)
 Temple: D:4-7

Altars:
Dithmenos
Fedhas
Vehumet

Annotations:
D:4 exclusion: oklob plant
D:5 3 runed translucent doors, Heh's ghost, weakling OpDe


Innate Abilities, Weirdness & Mutations

Your experience applies equally to all skills.
You have very sharp teeth.
Your uncanny sense of smell can sniff out nearby items.


Message History

You hit the orc warrior but do no damage.
The orc warrior hits you with a +0 glaive.
You closely miss the orc warrior.
The orc warrior hits you with a +0 glaive.
You barely miss the orc warrior.
The orc warrior hits you with a +0 glaive!
You hit the orc warrior but do no damage.
Your punch misses the orc warrior. Your bite misses the orc warrior.
You hit the orc warrior but do no damage.
The orc warrior completely misses you.
You closely miss the orc warrior. You block the orc warrior's attack.
You hit the orc warrior but do no damage.
You hit the orc warrior but do no damage.
The orc warrior hits you with a +0 glaive!!
You hit the orc warrior but do no damage.
The orc warrior hits you with a +0 glaive!
* * * LOW HITPOINT WARNING * * *
You feel yourself speed up.
The orc warrior hits you with a +0 glaive!!
You die...

# .# +# #.#
#.# #.# #.#
... #.#
#.#.#.# ∆∆∆
#.#oO..... +#
∆ ∆ ##@# #.#
∆∆∆##.#.......
#.#
##.###.#.#.#
#.###.## ...
#. #.#.## #.#
#.. #####(####
#.# ##.#
#.#.#.#.#.# .#
#..##
##.......## #
#...#
#....###..#
#...#


You could see an orc warrior and an ogre.

Vanquished Creatures
  An ice beast (D:7)
  A sky beast (D:5)
  2 phantoms (D:4)
  An ogre (D:4)
  2 centaurs (D:7)
  A bullfrog (D:7)
  A gnoll sergeant (D:4)
  A howler monkey (D:4)
  A jelly (D:7)
  4 orc priests
  An orc wizard (D:5)
  A bullfrog skeleton (D:4)
  A worker ant (D:4)
  4 gnolls
  4 adders
  An ooze (D:3)
  An adder skeleton (D:4)
  2 dart slugs
  A leopard gecko (D:3)
  17 orcs
  3 ball pythons
  7 bats
  6 giant cockroaches
  6 goblins
  5 hobgoblins
  12 jackals
  10 kobolds
  4 quokkas
  5 frilled lizards
  5 rats
111 creatures vanquished.

Notes
Turn   | Place    | Note
-------+----------+-------------------------------------------
     0 | D:1      | jiml777 the Gnoll Warper began the quest for the Orb.
     0 | D:1      | Reached XP level 1. HP: 20/20 MP: 6/6
   400 | D:1      | Reached XP level 2. HP: 26/26 MP: 7/7
   747 | D:1      | HP: 1/26 [kobold/+1 short sword of electrocution (19)]
  1919 | D:2      | Reached XP level 3. HP: 30/31 MP: 9/9
  1975 | D:2      | Reached skill level 5 in Spellcasting
  2105 | D:2      | Reached skill level 1 in Invocations
  2192 | D:3      | HP: 1/31 [orc/+0 trident (9)]
  2514 | D:3      | Reached skill level 1 in Short Blades
  2514 | D:3      | Reached skill level 1 in Long Blades
  2514 | D:3      | Reached skill level 1 in Axes
  2514 | D:3      | Reached skill level 1 in Maces & Flails
  2514 | D:3      | Reached skill level 1 in Staves
  2514 | D:3      | Reached skill level 1 in Slings
  2514 | D:3      | Reached skill level 1 in Bows
  2514 | D:3      | Reached skill level 1 in Crossbows
  2514 | D:3      | Reached skill level 1 in Stealth
  2514 | D:3      | Reached skill level 1 in Shields
  2514 | D:3      | Reached skill level 1 in Unarmed Combat
  2514 | D:3      | Reached skill level 1 in Evocations
  2688 | D:3      | Reached XP level 4. HP: 38/38 MP: 11/11
  2779 | D:3      | Reached skill level 1 in Conjurations
  2779 | D:3      | Reached skill level 1 in Hexes
  2779 | D:3      | Reached skill level 1 in Summonings
  2779 | D:3      | Reached skill level 1 in Necromancy
  2779 | D:3      | Reached skill level 1 in Transmutations
  2779 | D:3      | Reached skill level 1 in Fire Magic
  2779 | D:3      | Reached skill level 1 in Ice Magic
  2779 | D:3      | Reached skill level 1 in Air Magic
  2779 | D:3      | Reached skill level 1 in Earth Magic
  2779 | D:3      | Reached skill level 1 in Poison Magic
  2921 | D:3      | Found a shadowy altar of Dithmenos.
  3241 | D:4      | Reached XP level 5. HP: 43/43 MP: 12/12
  3289 | D:4      | Noticed a phantom
  3294 | D:4      | Got a bone whip
  3294 | D:4      | Identified the +2 whip of Magnificence {vorpal, MR- Str+6}
                  | (You found it on level 4 of the Dungeon)
  3326 | D:4      | Killed a phantom
  3326 | D:4      | Reached XP level 6. HP: 45/50 MP: 13/13
  3598 | D:4      | Found a blossoming altar of Fedhas.
  3615 | D:4      | Noticed an oklob plant
  3757 | D:4      | Reached skill level 5 in Fighting
  3757 | D:4      | Reached skill level 5 in Polearms
  3757 | D:4      | Reached skill level 5 in Dodging
  4334 | D:4      | Reached XP level 7. HP: 40/56 MP: 15/15
  4511 | D:4      | Learned a level 2 spell: Blink
  4840 | D:5      | Entered Level 5 of the Dungeon
  4983 | D:5      | Found a runed translucent gate.
  4983 | D:5      | Found a runed translucent gate.
  4983 | D:5      | Found a runed translucent gate.
  4984 | D:5      | Noticed Heh's ghost (weakling OpDe)
  5005 | D:5      | Found a radiant altar of Vehumet.
  5727 | D:5      | Reached XP level 8. HP: 56/63 MP: 16/16
  5929 | D:5      | You fall into a shaft and drop 2 floors!
  6183 | D:7      | Mangled by an orc warrior

Illustrated notes

Levels and vault maps discovered:
D:1:      scummos_arrival_star, layout_loops_ring, serial_aquarium,
          aquarium_bridge_long_separate [aquarium_subvault_wall,
          aquarium_subvault_balcony, aquarium_subvault_bridge,
          aquarium_subvault_bridge, aquarium_subvault_bridge,
          aquarium_subvault_wall], aquarium_window_1, aquarium_window_2,
          aquarium_window_double, aquarium_window_2, aquarium_view_2d,
          aquarium_balcony_5a
D:2:      layout_loops_corners, cheibrodos_gnoll_hut
D:3:      layout_basic, nicolae_dithmenos_through_a_glass_darkly,
          serial_park_tiny_pond, minmay_quadrilaterals
D:4:      layout_basic, minmay_misc_feat_alley, tgw_fedhas
D:5:      layout_layer_cave, ebering_ghost_rock_garden, basic_altar,
          minmay_misc_feat_tower, serial_bayou_lake_a
D:7:      minmay_the_grid_plus_closed [minmay_the_grid_armoury,
          minmay_the_grid_minigrid_small_alt, minmay_the_grid_zigzag_pyramid,
          minmay_the_grid_tiny_cups, minmay_the_grid_prize_diamond_cup],
          layout_cave_pods, basic_altar, minmay_misc_feat_nine_boxes,
          nicolae_ru_awakened_eye

Skill      XL: |  1  2  3  4  5  6  7  8 |
---------------+-------------------------+-----
Spellcasting   | 5 6 |  6.0
Invocations    | 1 2 3 |  3.6
Short Blades   | 1 2 3 |  3.2
Long Blades    | 1 2 3 |  3.2
Axes           | 1 2 3 |  3.2
Maces & Flails | 1 2 3 |  3.2
Staves         | 1 2 3 |  3.2
Slings         | 1 2 3 |  3.2
Bows           | 1 2 3 |  3.2
Crossbows      | 1 2 3 |  3.2
Stealth        | 1 2 3 |  3.2
Shields        | 1 2 3 |  3.2
Unarmed Combat | 1 2 3 |  3.2
Evocations     | 1 2 3 |  3.2
Conjurations   | 1 2 |  2.6
Hexes          | 1 2 |  2.6
Summonings     | 1 2 |  2.6
Necromancy     | 1 2 |  2.6
Transmutations | 1 2 |  2.6
Fire Magic     | 1 2 |  2.6
Ice Magic      | 1 2 |  2.6
Air Magic      | 1 2 |  2.6
Earth Magic    | 1 2 |  2.6
Poison Magic   | 1 2 |  2.6
Throwing       | 3 4 |  4.2
Armour         | 3 4 |  4.2
Fighting       | 5 |  5.7
Polearms       | 5 |  5.7
Dodging        | 5 |  5.7
Translocations | 6 |  6.1

Action                   |  1- 3 |  4- 6 |  7- 9 || total
-------------------------+-------+-------+-------++-------
Melee: Spear             |    61 |       |       ||    61
       Bite              |    12 |    14 |    16 ||    42
       Short sword       |    67 |    91 |       ||   158
       Whip              |       |    80 |   144 ||   224
       Punch             |       |     1 |       ||     1
  Use: Scroll            |     1 |     1 |     8 ||    10
       Potion            |       |     2 |     1 ||     3
 Stab: Sleeping          |     3 |       |       ||     3
Armor: Leather armour    |    20 |       |       ||    20
       Plate armour      |    10 |   103 |    24 ||   137
       Chain mail        |       |       |    35 ||    35
Dodge: Dodged            |    69 |    55 |    52 ||   176
Block: Other             |    15 |    50 |    23 ||    88
       Reflection        |       |       |     3 ||     3

Table legend: (Time is in decaauts)
 A = Elapsed time spent in this place.
 B = Non-inter-level travel time spent in this place.
 C = Inter-level travel time spent in this place.
 D = Time resting spent in this place.
 E = Time spent auto-exploring this place.
 F = Levels seen in this place.
 G = Mean time per level.
                   A        B        C        D        E       F      G
               +--------+--------+--------+--------+--------+-----+--------+
         Total |   6202 |   6110 |     92 |   1515 |   3189 |   6 | 1033.7 |
       Dungeon |   6202 |   6110 |     92 |   1515 |   3189 |   6 | 1033.7 |
               +--------+--------+--------+--------+--------+-----+--------+

Top non-repeatable levels by time:
     D:4: 1612 daAuts
     D:1: 1288 daAuts
     D:2: 1139 daAuts
     D:5: 1107 daAuts
     D:3: 803 daAuts
     D:7: 251 daAuts
